 Dungeon Crawl Stone Soup version 0.25-a0-420-g1cc7eeb0d1 (webtiles) character file.

Game seed: 3933980751771799104, levelgen mode: deterministic

2300 Borgoz the Cudgeler (level 9, 0/55 HPs)
             Began as a Gargoyle Gladiator on Jan 19, 2020.
             Was a Believer of Ashenzari.
             Slain by an orc warrior
             ... wielding a +0 hand axe
              (3 damage)
             ... in a bailey.
             The game lasted 00:07:41 (4883 turns).

Borgoz the Cudgeler (Gargoyle Gladiator)            Turns: 4883, Time: 00:07:41

Health: 0/55       AC: 14    Str: 26    XL:     9   Next: 40%
Magic:  9/9        EV: 14    Int:  9    God:    Ashenzari [**....]
Gold:   324        SH:  0    Dex: 11    Spells: 8/8 levels left

rFire    . . .     SeeInvis .   b - +1 whip (elec)
rCold    . . .     Gourm    .   (no shield)
rNeg     + . .     Faith    .   m - +0 ring mail
rPois    ∞         Spirit   .   p - +1 helmet
rElec    +         Reflect  .   (no cloak)
rCorr    .         Harm     .   (no gloves)
MR       .....                  (no boots)
Stlth    +.........             (no amulet)
HPRegen  0.18/turn              (no ring)
MPRegen  0.11/turn              (no ring)

@: mighty
A: negative energy resistance 1, electricity resistance, unbreathing,
petrification resistance, rot immunity, AC +6
a: Curse Item, Scrying, Renounce Religion


You were in a bailey.
You worshipped Ashenzari.
Ashenzari was pleased with you.
You were very hungry.

You visited 1 branch of the dungeon, and saw 7 of its levels.
You also visited: Bailey.

You collected 324 gold pieces.

Inventory:

Hand Weapons
 a - a +0 flail
 b - a +1 whip of electrocution (weapon)
Missiles
 d - 3 throwing nets (quivered)
Armour
 m - a +0 ring mail (worn)
 p - a +1 helmet (worn)
Wands
 v - a wand of iceblast (14)
Scrolls
 e - a scroll of enchant armour
 l - a scroll of random uselessness {unknown}
 n - a scroll of noise {unknown}
 q - a scroll of immolation {unknown}
 r - a scroll of blinking {unknown}
 t - a scroll of enchant weapon {unknown}
Potions
 g - a potion of curing
 h - 3 potions of agility {unknown}
 i - a potion of haste
 j - 4 potions of berserk rage
 o - a potion of mutation
Comestibles
 f - 10 rations


   Skills:
 + Level 5.8 Fighting
 * Level 7.7 Maces & Flails
 - Level 1.7 Throwing
 + Level 5.2 Armour
 * Level 6.4 Dodging


You had 8 spell levels left.
You didn't know any spells.
Your spell library contained the following spells:

 Spells                   Type           Power        Failure   Level  Hunger
 Animate Skeleton         Necr           N/A          52%         1    ##.....
 Apportation              Tloc           #.....       52%         1    ##.....
 Corona                   Hex            #......      52%         1    ##.....
 Summon Small Mammal      Summ           #...         52%         1    ##.....


Dungeon Overview and Level Annotations

Branches:
Dungeon (7/15)             Temple (0/1) D:5          Bailey (1/1)

Altars:
Ashenzari
Dithmenos
Gozag
Kikubaaqudgha
Xom
The Shining One

Annotations:
D:6 2 transporters, Shadow153's ghost, novice HuCj


Innate Abilities, Weirdness & Mutations

You are resistant to torment.
Your stone body is resilient. (AC +6)
You are immune to poison.
You resist negative energy. (rN+)
You are resistant to electric shocks. (rElec)
You can survive without breathing.
You are immune to petrification.
You are immune to rotting.


Message History

The orc warrior hits you with a +0 hand axe!
The orc warrior closely misses you.
You feel very mighty all of a sudden. The goblin hits you but does no damage.
The gnoll closely misses you.
The orc warrior hits you with a +0 hand axe.
The orc warrior hits you with a +0 hand axe!
You hit the orc warrior.
The orc warrior is moderately wounded.
The goblin hits you but does no damage.
The orc warrior hits you but does no damage.
The gnoll closely misses you.
You hit the orc warrior but do no damage.
The orc warrior is moderately wounded.
The orc warrior hits you with a +0 hand axe!
* * * LOW HITPOINT WARNING * * *
You miss the orc warrior.
The orc warrior is moderately wounded.
The goblin misses you. The orc warrior misses you. The gnoll misses you.
The orc warrior hits you with a +0 hand axe.
You die... , * ,8,* #######,, , , ,,,#.....# , 8 #.....# ,, ≈ + #..⌠..# , * ,+...g.+ , +..ogo+

,* ≈ *
#####'g@##### ≈
,#...........#, ≈
≈ ≈
###≈≈≈≈...≈≈≈≈###
* ≈ ≈
≈≈≈≈≈≈≈...≈≈≈≈≈≈≈≈
≈
≈≈≈≈≈≈≈...≈≈≈≈≈≈≈
≈≈≈≈≈≈≈...≈≈≈≈≈≈≈
≈
≈≈≈≈≈≈≈...≈≈≈≈≈≈≈
≈ ≈
≈≈≈≈.........≈≈≈≈
≈ **
#####.......#####
*


You could see 2 orc warriors, a gnoll and 2 goblins.

Vanquished Creatures
  Pikel (D:7)
  Grinder (D:6)
  Prince Ribbit (D:6)
  Sigmund (D:6)
  4 slaves (D:7)
  A phantom (D:6)
  An ice beast (D:6)
  5 ogres
  A centaur (D:5)
  A bullfrog (D:6)
  An electric eel (Bailey)
  A centaur zombie (D:5)
  2 jellies
  An orc wizard (D:6)
  A bullfrog skeleton (D:4)
  A hound (D:5)
  A centaur skeleton (D:5)
  An iguana (D:6)
  3 worker ants
  Robin (D:3)
  2 hound skeletons
  A gnoll (D:1)
  6 adders
  3 worms
  An adder skeleton (D:4)
  2 dart slugs (D:1)
  6 leopard geckos
  7 orcs
  A ball python (D:4)
  8 bats
  6 giant cockroaches
  11 goblins
  13 hobgoblins
  2 jackals (D:1)
  2 kobolds (D:1)
  6 quokkas
  7 frilled lizards
  A leopard gecko zombie (D:6)
  7 rats
122 creatures vanquished.

Notes
Turn   | Place    | Note
-------+----------+-------------------------------------------
     0 | D:1      | Borgoz the Gargoyle Gladiator began the quest for the Orb.
     0 | D:1      | Reached XP level 1. HP: 12/12 MP: 1/1
    53 | D:1      | Found a shattered altar of Ashenzari.
    57 | D:1      | Reached XP level 2. HP: 15/18 MP: 2/2
    82 | D:1      | Became a worshipper of Ashenzari the Shackled
   378 | D:1      | Reached skill level 1 in Armour
   378 | D:1      | Reached XP level 3. HP: 22/22 MP: 3/3
   958 | D:2      | Reached XP level 4. HP: 27/27 MP: 4/4
  1203 | D:2      | Found an ancient bone altar of Kikubaaqudgha.
  1204 | D:2      | Found a glowing golden altar of the Shining One.
  1813 | D:3      | Found an opulent altar of Gozag.
  1813 | D:3      | Noticed Robin
  1817 | D:3      | Reached XP level 5. HP: 29/32 MP: 5/5
  1826 | D:3      | Reached skill level 4 in Maces & Flails
  1830 | D:3      | Killed Robin
  2123 | D:4      | Reached * piety under Ashenzari
  2149 | D:4      | Noticed an ogre
  2155 | D:4      | Killed an ogre
  2155 | D:4      | Reached XP level 6. HP: 35/37 MP: 6/6
  2845 | D:5      | Entered Level 5 of the Dungeon
  2852 | D:5      | Found a shadowy altar of Dithmenos.
  2855 | D:5      | Reached skill level 5 in Maces & Flails
  2855 | D:5      | Reached XP level 7. HP: 37/42 MP: 7/7
  3334 | D:5      | Found a staircase to the Ecumenical Temple.
  3535 | D:6      | Found a transporter.
  3568 | D:6      | Noticed Shadow153's ghost (novice HuCj)
  3756 | D:6      | Reached XP level 8. HP: 44/48 MP: 8/8
  3867 | D:6      | Reached skill level 5 in Dodging
  3875 | D:6      | Reached skill level 6 in Maces & Flails
  4048 | D:6      | Noticed Sigmund
  4059 | D:6      | Killed Sigmund
  4063 | D:6      | Found a transporter.
  4074 | D:6      | Found a shimmering altar of Xom.
  4076 | D:6      | Reached skill level 5 in Fighting
  4124 | D:6      | Noticed Prince Ribbit
  4156 | D:6      | Killed Prince Ribbit
  4352 | D:6      | Reached ** piety under Ashenzari
  4518 | D:6      | Noticed Grinder
  4525 | D:6      | Killed Grinder
  4525 | D:6      | Reached skill level 7 in Maces & Flails
  4525 | D:6      | Reached XP level 9. HP: 52/54 MP: 9/9
  4635 | D:7      | Found a flagged portal.
  4664 | D:7      | Noticed Pikel
  4694 | D:7      | Killed Pikel
  4694 | D:7      | Reached skill level 5 in Armour
  4740 | Bailey   | Entered a bailey
  4883 | Bailey   | Slain by an orc warrior

Levels and vault maps discovered:
D:1:      minmay_arrival_semitransparent, layout_loops_ring, st_stairs_12,
          evilmike_ruin_ashenzari
D:2:      layout_rooms, gammafunk_temple_overflow_pools, serial_bayou_ford_a
D:3:      wad_lake_hut, layout_rooms, grunt_gozag_statues, first_ration,
          minmay_tree_intersection, uniq_robin
D:4:      layout_loops_corners
D:5:      layout_loops_ring, grunt_dithmenos_smoke_and_mirrors,
          minmay_temple_entry_mist
D:6:      layout_basic, xom_butterflies, gammafunk_ghost_arena,
          uniq_prince_ribbit1, uniq_sigmund, uniq_grinder
D:7:      layout_basic, nicolae_overflow_crystal_walls, enter_bailey_2,
          grunt_livestock, minmay_the_grid_2x2 [minmay_the_grid_x,
          minmay_the_grid_tree, minmay_the_grid_eight,
          minmay_the_grid_prize_four_corners], uniq_pikel
Bailey:   bailey_axe_of_yendor_kennysheep, bailey

Skill      XL: |  1  2  3  4  5  6  7  8  9 |
---------------+----------------------------+-----
Armour         | 1 2 3 4 5 |  5.2
Dodging        | 3 4 6 |  6.4
Maces & Flails | 4 5 7 |  7.7
Fighting       | 3 4 5 |  5.8
Throwing       | |  1.7

Action                   |  1- 3 |  4- 6 |  7- 9 || total
-------------------------+-------+-------+-------++-------
Melee: Whip              |    83 |   182 |   191 ||   456
Throw: Throwing net      |       |       |     2 ||     2
  Use: Scroll            |       |     6 |     4 ||    10
       Potion            |       |       |     4 ||     4
  Eat: Chunk             |       |     6 |     6 ||    12
Armor: Leather armour    |    37 |       |       ||    37
       Ring mail         |    11 |    74 |    65 ||   150
Dodge: Dodged            |    67 |   119 |   132 ||   318

Table legend:
 A = Non-vault XP
 B = Vault XP
 C = Vault XP percentage of total XP
 D = Non-vault monster count
 E = Vault monster count
 F = Vault count percentage of total count
                 A         B        C        D         E       F
            +---------+---------+-------+---------+---------+-------
      Total |    1774 |    1513 |  46.0 |     100 |      18 |  15.3
            +---------+---------+-------+---------+---------+-------
        D:1 |      57 |       4 |   6.6 |      23 |       2 |   8.0
        D:2 |      65 |       0 |   0.0 |      18 |       0 |   0.0
        D:3 |      37 |      36 |  49.3 |      16 |      11 |  40.7
        D:4 |     409 |       0 |   0.0 |      12 |       0 |   0.0
        D:5 |     372 |       0 |   0.0 |      15 |       0 |   0.0
        D:6 |     834 |     771 |  48.0 |      16 |       3 |  15.8
        D:7 |       0 |     651 | 100.0 |       0 |       1 | 100.0
     Bailey |       0 |      51 | 100.0 |       0 |       1 | 100.0
            +---------+---------+-------+---------+---------+-------
